SKY
ATLANTA BRAVES @ MEMPHIS BLUES
10/06/2052
 
TOP OF THE 1ST
Atlanta Braves batting - Pitching for Memphis Blues : RHP Leighton Rodriques
Pitching: RHP Leighton Rodriques
Batting: RHB Josias Jaynes 0-0: Called Strike
0-1: Called Strike
0-2: Ball
1-2: Foul Ball, location: 2F
1-2: Ball
2-2: Ball
3-2: Ground out U3 (Groundball, 3, EV 87.5 MPH)
Batting: RHB Jase Lucas 0-0: Foul Ball, location: 5FF
0-1: Called Strike
0-2: Ball
1-2: Ball
2-2: Reached on error, E6 (Groundball, 6, EV 101.3 MPH)
Batting: LHB Adrian Cooke 0-0: Ball
1-0: Ball
2-0: Ball
3-0: Foul Ball, location: 2F
3-1: Foul Ball, location: 3FF
3-2: Base on Balls
Jase Lucas to second
Batting: LHB Isaiah Howerton 0-0: SINGLE (Line Drive, 7S, EV 101.9 MPH)
Jase Lucas to third
Adrian Cooke to second
Batting: SHB Scott Hill 0-0: Called Strike
0-1: Swinging Strike
0-2: Ball
1-2: Fielders Choice at 2nd, 5-4 (Groundball, 56, EV 107.5 MPH)
Jase Lucas scores
Adrian Cooke to third
Batting: RHB C.J. Chayrez 0-0: Ball
1-0: Called Strike
1-1: SINGLE (Groundball, 4MD, EV 105.6 MPH)
Adrian Cooke scores
Scott Hill to second
Runner from 2nd tries for 3rd, SAFE, no throw by CF
Batting: RHB Peter Guice 0-0: Fly out, F8 (Flyball, 8RM, EV 94.4 MPH)
Top of the 1st over - 2 runs, 2 hits, 1 error, 2 left on base; Atlanta 2 - Memphis 0
BOTTOM OF THE 1ST
Memphis Blues batting - Pitching for Atlanta Braves : RHP Zach Kerwick
Pitching: RHP Zach Kerwick
Batting: RHB Julien Straton 0-0: Foul Ball, location: 9LDF
0-1: SINGLE (Line Drive, 89M, EV 110.6 MPH)
Batting: LHB Caleb Oliver 0-0: Called Strike
Julien Straton steals 2nd base (no throw)
0-1: Called Strike
0-2: Ball
1-2: Strikes out looking
Batting: RHB Yohan Roque 0-0: Called Strike
0-1: Ball
Julien Straton steals 3rd base
1-1: DOUBLE (Line Drive, 8RXD, EV 102.5 MPH)
Julien Straton scores
Batting: LHB Torquato Fajardo 0-0: Ball
1-0: Foul Ball, location: 7LMF
1-1: Ball
2-1: Foul Ball, location: 2F
2-2: Ball
3-2: 2-RUN HOME RUN (Flyball, 9LD, EV 91.9 MPH), Distance : 346 ft
Batting: LHB R.J. Brown 0-0: Called Strike
0-1: Fly out, F8 (Flyball, 78D, EV 98.8 MPH)
Batting: RHB Miles Hallam 0-0: Foul Ball, location: 3DF
0-1: Ground out 4-3 (Groundball, 6MD, EV 98.8 MPH)
Bottom of the 1st over - 3 runs, 3 hits, 0 errors, 0 left on base; Atlanta 2 - Memphis 3
TOP OF THE 2ND
Atlanta Braves batting - Pitching for Memphis Blues : RHP Leighton Rodriques
Batting: RHB Steven Filar 0-0: Fly out, F4 (Line Drive, 4, EV 65.0 MPH)
Batting: LHB Jacob Walters 0-0: Ball
1-0: Swinging Strike
1-1: Swinging Strike
1-2: Strikes out swinging, 2-3 out at first.
Batting: RHB Josias Jaynes 0-0: Called Strike
0-1: DOUBLE (Line Drive, 78XD, EV 98.8 MPH)
Batting: RHB Jase Lucas 0-0: Ball
1-0: Called Strike
1-1: Foul Ball, location: 9LSF
1-2: Ball
2-2: Ball
3-2: Fly out, F9 (Flyball, 89M, EV 85.6 MPH)
Top of the 2nd over - 0 runs, 1 hit, 0 errors, 1 left on base; Atlanta 2 - Memphis 3
BOTTOM OF THE 2ND
Memphis Blues batting - Pitching for Atlanta Braves : RHP Zach Kerwick
Batting: LHB Alex Nicholson 0-0: Ball
1-0: SINGLE (Groundball, 34D, EV 104.4 MPH)
Batting: RHB Amadeo Ybarra 0-0: Called Strike
0-1: Foul Ball, location: 2F
0-2: Ball
1-2: Strikes out looking
Batting: RHB Josh Benedict 0-0: Ball
1-0: Ball
2-0: Called Strike
2-1: Fielders Choice at 2nd, 6-4 (Groundball, 6, EV 85.0 MPH)
Batting: RHB Julien Straton 0-0: Ball
1-0: Ball
2-0: Ball
3-0: Called Strike
3-1: Base on Balls
Josh Benedict to second
Batting: LHB Caleb Oliver 0-0: Ball
1-0: Ball
2-0: Called Strike
2-1: Foul Ball, location: 2F
2-2: Foul Ball, location: 2F
2-2: 3-RUN HOME RUN (Flyball, 89XD, EV 98.8 MPH), Distance : 392 ft
Batting: RHB Yohan Roque 0-0: Ball
1-0: Foul Ball, location: 9LMF
1-1: Ball
2-1: Ball
3-1: Ground out 6-3 (Groundball, 6, EV 84.4 MPH)
Bottom of the 2nd over - 3 runs, 2 hits, 0 errors, 0 left on base; Atlanta 2 - Memphis 6
TOP OF THE 3RD
Atlanta Braves batting - Pitching for Memphis Blues : RHP Leighton Rodriques
Batting: LHB Adrian Cooke 0-0: Ball
1-0: Swinging Strike
1-1: Ball
2-1: Foul Ball, location: 25F
2-2: Strikes out swinging, 2-3 out at first.
Batting: LHB Isaiah Howerton 0-0: Ball
1-0: Ball
2-0: Reached on error, E4 (Groundball, 4, EV 84.4 MPH)
Batting: SHB Scott Hill 0-0: Swinging Strike
0-1: Ball
1-1: Ball
2-1: Ball
3-1: Hit by Pitch
Isaiah Howerton to second
Batting: RHB C.J. Chayrez 0-0: Foul Ball, location: 2F
0-1: Ball
1-1: Ball
2-1: Ball
3-1: Base on Balls
Isaiah Howerton to third
Scott Hill to second
Batting: RHB Peter Guice 0-0: Grounds into double play, 5-4-3 (Groundball, 56, EV 87.5 MPH)
Top of the 3rd over - 0 runs, 0 hits, 1 error, 2 left on base; Atlanta 2 - Memphis 6
BOTTOM OF THE 3RD
Memphis Blues batting - Pitching for Atlanta Braves : RHP Zach Kerwick
Batting: LHB Torquato Fajardo 0-0: Ball
1-0: Ball
2-0: Ball
3-0: Called Strike
3-1: Called Strike
3-2: Foul Ball, location: 5F
3-2: Foul Ball, location: 2F
3-2: Fly out, F4 (Popup, 3D, EV 53.8 MPH)
Batting: LHB R.J. Brown 0-0: Foul Ball, location: 7LMF
0-1: Fly out, F8 (Flyball, 8RD, EV 91.3 MPH)
Batting: RHB Miles Hallam 0-0: Ball
1-0: Foul Ball, location: 9LDF
1-1: Called Strike
1-2: Foul Ball, location: 2F
1-2: Strikes out swinging
Bottom of the 3rd over - 0 runs, 0 hits, 0 errors, 0 left on base; Atlanta 2 - Memphis 6
TOP OF THE 4TH
Atlanta Braves batting - Pitching for Memphis Blues : RHP Leighton Rodriques
Batting: RHB Steven Filar 0-0: Called Strike
0-1: Swinging Strike
0-2: Ball
1-2: Ball
2-2: Ball
3-2: Fly out, F8 (Line Drive, 8LD, EV 90.0 MPH)
Batting: LHB Jacob Walters 0-0: Swinging Strike
0-1: Ball
1-1: Foul Ball, location: 2F
1-2: Strikes out swinging
Batting: RHB Josias Jaynes 0-0: Foul Ball, location: 9LSF
0-1: Foul Ball, location: 9LSF
0-2: Fly out, F7 (Flyball, 78D, EV 91.3 MPH)
Top of the 4th over - 0 runs, 0 hits, 0 errors, 0 left on base; Atlanta 2 - Memphis 6
BOTTOM OF THE 4TH
Memphis Blues batting - Pitching for Atlanta Braves : RHP Zach Kerwick
Pitching: RHP Miguel Valdez
Batting: LHB Alex Nicholson 0-0: Ball
1-0: Ball
2-0: Ground out 6-3 (Groundball, 6, EV 95.0 MPH)
Batting: RHB Amadeo Ybarra 0-0: Ball
1-0: Ball
2-0: Fly out, F8 (Flyball, 89M, EV 87.5 MPH)
Batting: RHB Josh Benedict 0-0: Ball
1-0: Ground out 3-1 (Groundball, 13, EV 81.9 MPH)
Bottom of the 4th over - 0 runs, 0 hits, 0 errors, 0 left on base; Atlanta 2 - Memphis 6
TOP OF THE 5TH
Atlanta Braves batting - Pitching for Memphis Blues : RHP Leighton Rodriques
Batting: RHB Jase Lucas 0-0: Called Strike
0-1: DOUBLE (Line Drive, 7LM, EV 103.8 MPH)
Batting: LHB Adrian Cooke 0-0: Ball
1-0: Ball
2-0: Called Strike
2-1: Ball
3-1: Ground out 5-3 (Groundball, 56S, EV 80.0 MPH)
Batting: LHB Isaiah Howerton 0-0: Ball
1-0: Ground out 6-3 (Groundball, 6, EV 81.9 MPH)
Batting: SHB Scott Hill 0-0: Called Strike
0-1: Ball
1-1: Ball
2-1: Called Strike
2-2: SINGLE (Groundball, 13S, EV 68.1 MPH) (infield hit)
Jase Lucas to third
Batting: RHB C.J. Chayrez 0-0: Called Strike
0-1: Fielders Choice at 2nd, 6-4 (Groundball, 6, EV 107.5 MPH)
Top of the 5th over - 0 runs, 2 hits, 0 errors, 2 left on base; Atlanta 2 - Memphis 6
BOTTOM OF THE 5TH
Memphis Blues batting - Pitching for Atlanta Braves : RHP Miguel Valdez
Batting: RHB Julien Straton 0-0: Foul Ball, location: 23FF
0-1: Swinging Strike
0-2: Ball
1-2: Ball
2-2: Strikes out swinging
Batting: LHB Caleb Oliver 0-0: Foul Ball, location: 2F
0-1: Ground out 6-3 (Groundball, 4MD, EV 95.0 MPH)
Batting: RHB Yohan Roque 0-0: Hit by Pitch
Batting: LHB Torquato Fajardo 0-0: Ball
1-0: Ball
2-0: Called Strike
2-1: Ball
3-1: DOUBLE (Flyball, 8LXD, EV 99.4 MPH)
Yohan Roque to third
Batting: LHB R.J. Brown 0-0: Ball
1-0: Foul Ball, location: 7LDF
1-1: Foul Ball, location: 2F
1-2: Ball
2-2: Hit by Pitch
Batting: RHB Miles Hallam 0-0: Called Strike
0-1: Ground out 2-3 (Groundball, 15S, EV 72.5 MPH)
Bottom of the 5th over - 0 runs, 1 hit, 0 errors, 3 left on base; Atlanta 2 - Memphis 6
TOP OF THE 6TH
Atlanta Braves batting - Pitching for Memphis Blues : RHP Leighton Rodriques
Batting: RHB Peter Guice 0-0: SINGLE (Line Drive, 8RS, EV 106.3 MPH)
Batting: RHB Steven Filar 0-0: Called Strike
0-1: Fly out, F3 (Popup, 34S, EV 69.4 MPH)
Pitching: RHP Hastings Anderson
Batting: LHB Jacob Walters 0-0: Grounds into double play, 5-4-3 (Groundball, 25, EV 81.9 MPH)
Top of the 6th over - 0 runs, 1 hit, 0 errors, 0 left on base; Atlanta 2 - Memphis 6
BOTTOM OF THE 6TH
Memphis Blues batting - Pitching for Atlanta Braves : RHP Miguel Valdez
Batting: LHB Alex Nicholson 0-0: Called Strike
0-1: Ball
1-1: Swinging Strike
1-2: Ball
2-2: Strikes out looking
Batting: RHB Amadeo Ybarra 0-0: Ball
1-0: Foul Ball, location: 2F
1-1: Foul Ball, location: 2F
1-2: Foul Ball, location: 2F
1-2: Foul Ball, location: 9LDF
1-2: Ball
2-2: SINGLE (Line Drive, 4MD, EV 94.4 MPH)
Batting: RHB Josh Benedict 0-0: Ball
1-0: Ball
2-0: Foul Ball, location: 9LDF
2-1: Fielders Choice at 2nd, 1-4 (Groundball, 15S, EV 73.1 MPH)
Batting: RHB Julien Straton 0-0: Foul Ball, location: 5F
0-1: Ball
1-1: Called Strike
1-2: Ball
2-2: DOUBLE (Groundball, 5L, EV 98.1 MPH)
Josh Benedict to third
Pitching: RHP Nate Southard
Batting: LHB Caleb Oliver 0-0: Called Strike
0-1: Ball
1-1: Foul Ball, location: 2F
1-2: Strikes out looking
Bottom of the 6th over - 0 runs, 2 hits, 0 errors, 2 left on base; Atlanta 2 - Memphis 6
TOP OF THE 7TH
Atlanta Braves batting - Pitching for Memphis Blues : RHP Hastings Anderson
Now at 3B: Yefferson Parras
Now in LF: Urso Cardona
Now in RF: Caleb Oliver
Batting: RHB Josias Jaynes 0-0: Foul Ball, location: 7LMF
0-1: Ground out 4-3 (Groundball, 4MS, EV 90.6 MPH)
Batting: RHB Jase Lucas 0-0: Swinging Strike
0-1: Ball
1-1: Swinging Strike
1-2: Foul Ball, location: 5FF
1-2: Ball
2-2: Ball
3-2: Strikes out swinging
Batting: LHB Adrian Cooke 0-0: Foul Ball, location: 3FF
0-1: Swinging Strike
0-2: Strikes out swinging
Top of the 7th over - 0 runs, 0 hits, 0 errors, 0 left on base; Atlanta 2 - Memphis 6
BOTTOM OF THE 7TH
Memphis Blues batting - Pitching for Atlanta Braves : RHP Nate Southard
Batting: RHB Yohan Roque 0-0: Foul Ball, location: 2F
0-1: Reached on error, E6 (Groundball, 6, EV 86.3 MPH)
Batting: LHB Torquato Fajardo 0-0: Called Strike
0-1: Fly out, F7 (Flyball, 78M, EV 93.1 MPH)
Batting: RHB Urso Cardona 0-0: Foul Ball, location: 25FF
0-1: Ball
1-1: Ball
2-1: Ball
3-1: Foul Ball, location: 7LMF
3-2: SINGLE (Line Drive, 9S, EV 93.8 MPH)
Yohan Roque to second
Runner from 2nd tries for 3rd, OUT! 9-5
Batting: RHB Miles Hallam 0-0: Swinging Strike
0-1: Ball
1-1: Ball
2-1: Swinging Strike
2-2: Ball
3-2: Strikes out looking
Bottom of the 7th over - 0 runs, 1 hit, 1 error, 1 left on base; Atlanta 2 - Memphis 6
TOP OF THE 8TH
Atlanta Braves batting - Pitching for Memphis Blues : RHP Hastings Anderson
Now at C: Ishmael Baptiste
Batting: LHB Isaiah Howerton 0-0: Swinging Strike
0-1: Foul Ball, location: 9LMF
0-2: Ball
1-2: Ground out 4-3 (Groundball, 4, EV 80.6 MPH)
Batting: SHB Scott Hill 0-0: Ball
1-0: Ball
2-0: Fly out, F5 (Popup, 56S, EV 82.5 MPH)
Batting: RHB C.J. Chayrez 0-0: Called Strike
0-1: Foul Ball, location: 5DF
0-2: Ground out 6-3 (Groundball, 6, EV 106.9 MPH)
Top of the 8th over - 0 runs, 0 hits, 0 errors, 0 left on base; Atlanta 2 - Memphis 6
BOTTOM OF THE 8TH
Memphis Blues batting - Pitching for Atlanta Braves : RHP Nate Southard
Batting: RHB Yefferson Parras 0-0: Called Strike
0-1: SINGLE (Line Drive, 9LS, EV 105.6 MPH)
Batting: RHB Amadeo Ybarra 0-0: Called Strike
0-1: Ball
1-1: Ball
2-1: DOUBLE (Flyball, 89D, EV 111.9 MPH)
Yefferson Parras to third
Batting: RHB Josh Benedict 0-0: Ball
1-0: Ball
2-0: Ball
3-0: Base on Balls
Pitching: RHP Jordan Cox
Batting: RHB Julien Straton 0-0: Swinging Strike
0-1: Called Strike
0-2: Ball
1-2: Foul Ball, location: 2F
1-2: SINGLE (Line Drive, 89S, EV 87.5 MPH)
Yefferson Parras scores
Amadeo Ybarra to third
Josh Benedict to second
Batting: LHB Caleb Oliver 0-0: Ball
Wild Pitch!
Amadeo Ybarra scores
Josh Benedict to third
Julien Straton to second
1-0: Ball
2-0: DOUBLE (Flyball, 8RXD, EV 105.6 MPH)
Josh Benedict scores
Julien Straton scores
Batting: RHB Yohan Roque 0-0: Ball
1-0: Ball
2-0: Ball
3-0: Called Strike
3-1: Ground out 5-3 (Groundball, 5S, EV 79.4 MPH)
Batting: LHB Torquato Fajardo 0-0: Foul Ball, location: 7LMF
0-1: Foul Ball, location: 2F
0-2: Fly out, F7 (Line Drive, 7LM, EV 87.5 MPH)
Batting: RHB Urso Cardona 0-0: Foul Ball, location: 9LMF
0-1: Ground out 4-3 (Groundball, 4, EV 85.0 MPH)
Bottom of the 8th over - 4 runs, 4 hits, 0 errors, 1 left on base; Atlanta 2 - Memphis 10
TOP OF THE 9TH
Atlanta Braves batting - Pitching for Memphis Blues : RHP Hastings Anderson
Batting: RHB Peter Guice 0-0: Ball
1-0: Ball
2-0: Called Strike
2-1: Ball
3-1: Called Strike
3-2: Strikes out swinging
Batting: RHB Steven Filar 0-0: Ball
1-0: Called Strike
1-1: Ball
2-1: Ball
3-1: Fly out, F4 (Popup, 34S, EV 73.8 MPH)
Batting: LHB Jacob Walters 0-0: Ball
1-0: SINGLE (Groundball, 6MD, EV 109.4 MPH)
Batting: RHB Josias Jaynes 0-0: Called Strike
0-1: Fly out, F7 (Flyball, 7LD, EV 106.3 MPH)
Top of the 9th over - 0 runs, 1 hit, 0 errors, 1 left on base; Atlanta 2 - Memphis 10
Friday, May 10th , 2024 - OOTP Baseball 24.11 Build 85